 Dungeon Crawl Stone Soup version 0.27.0-1-g7a089689b8 (webtiles) character file.

Game seed: 11053308421686960975

8218 backslashecho the Cleaver (level 11, -6/71 HPs)
             Began as a Gargoyle Berserker on Aug 3, 2021.
             Was an Elder of Trog.
             Incinerated by a deep elf pyromancer (10 damage)
             ... with a sticky flame
             ... on level 10 of the Dungeon.
             The game lasted 00:19:44 (14638 turns).

backslashecho the Cleaver (Gargoyle Berserker)     Turns: 14638, Time: 00:19:44

Health: -6/71      AC: 31    Str: 23    XL:     11   Next: 27%
Magic:  11/11      EV:  8    Int:  9    God:    Trog [****..]
Gold:   514        SH:  0    Dex: 15    Spells: 10/10 levels left

rFire    . . .     SeeInvis .   a - +3 war axe
rCold    . . .     Faith    +   (no shield)
rNeg     + . .     Spirit   .   B - +0 plate armour
rPois    ∞         Reflect  .   b - +0 helmet
rElec    +         Harm     .   j - +0 cloak
rCorr    .         Rampage  .   c - +0 pair of gloves
Will     ++...                  N - +0 pair of boots
Stlth    ..........             K - amulet of faith
HPRegen  1.21/turn              G - +4 ring of protection
MPRegen  0.12/turn              I - +6 ring of dexterity

@: on fire, strong-willed, on berserk cooldown, regenerating, slowed, glowing,
very slow
A: sickness immunity, AC +8, negative energy resistance 1, electricity
resistance, torment resistance 1, petrification resistance
a: Renounce Religion, Berserk, Trog's Hand, Brothers in Arms


You were on level 10 of the Dungeon.
You worshipped Trog.
Trog was greatly pleased with you.
You visited 1 branch of the dungeon, and saw 10 of its levels.

You collected 514 gold pieces.

Inventory:

Hand Weapons
 a - a +3 war axe (weapon)
 w - a +1 flail of venom
Missiles
 F - 3 javelins (quivered)
 H - a curare-tipped dart
 J - 4 poisoned darts
Armour
 b - a +0 helmet (worn)
 c - a +0 pair of gloves (worn)
 j - a +0 cloak (worn)
 B - a +0 plate armour (worn)
 N - a +0 pair of boots (worn)
Jewellery
 y - a ring of positive energy
 z - a ring of ice
 G - a +4 ring of protection (left hand)
 I - a +6 ring of dexterity (right hand)
 K - an amulet of faith (around neck)
Wands
 i - a wand of flame (22)
 k - a wand of mindburst (13)
Scrolls
 d - 5 scrolls of teleportation {unknown}
 e - 3 scrolls of fear {unknown}
 f - 2 scrolls of magic mapping {unknown}
 g - a scroll of holy word {unknown}
 h - 9 scrolls of identify {unknown}
 l - a scroll of enchant armour {unknown}
 q - a scroll of vulnerability {unknown}
 r - a scroll of noise {unknown}
 s - 3 scrolls of summoning {unknown}
 u - a scroll of fog {unknown}
 A - a scroll of immolation {unknown}
 D - a scroll of torment {unknown}
 E - 2 scrolls of acquirement {unknown}
 P - a scroll of amnesia {unknown}
 Q - 2 scrolls of enchant weapon {unknown}
Potions
 m - 3 potions of flight {unknown}
 n - 3 potions of heal wounds {unknown}
 o - 3 potions of lignification {unknown}
 p - a potion of resistance {unknown}
 t - a potion of cancellation {unknown}
 v - a potion of mutation {unknown}
 x - 4 potions of curing {unknown}
 C - 2 potions of haste {unknown}
 L - a potion of brilliance {unknown}
 M - a potion of degeneration {unknown}
 O - a potion of attraction {unknown}


   Skills:
 - Level 9.0 Fighting
 * Level 11.3 Axes
 + Level 3.7 Throwing
 - Level 9.0 Armour
 + Level 2.7 Dodging
 - Level 1.0 Unarmed Combat


You had 10 spell levels left.
You didn't know any spells.
Your spell library was empty.

Dungeon Overview and Level Annotations

Branches:
Dungeon (10/15)            Temple (0/1) D:7
   Lair: D:8-11         Orc: D:9-12

Altars:
Dithmenos

Shops:
D:8 (   D:9 [

Annotations:
D:6 Duvessa


Innate Abilities, Weirdness & Mutations

You are immune to sickness and miasma.
Your stone body is resilient. (AC +8)
You are immune to poison.
You resist negative energy. (rN+)
You are resistant to electric shocks. (rElec)
You are resistant to unholy torment.
You are immune to petrification.


Message History

Your black bear misses the deep elf pyromancer.
The two-headed ogre hits your black bear with a +0 giant spiked club!!
The two-headed ogre hits your black bear with a +1 vorpal dire flail!!
Your black bear dies!
Your black bear's corpse disappears in a puff of smoke!
Okay, then.
Aiming: Mindburst
Press: ? - help, Shift-Dir - straight line, f - deep elf pyromancer, p - two-headed ogre
Aim: a deep elf pyromancer, wielding a +0 dagger (chance to affect: 48%)
The deep elf pyromancer resists with some effort.
The deep elf pyromancer barely misses you.
The two-headed ogre hits you but does no damage.
The two-headed ogre closely misses you.
The deep elf pyromancer points at you and mumbles some strange words.
The bolt of fire hits you but does no damage.
Your skin crawls.
You feel strong-willed.
The two-headed ogre hits you with a +0 giant spiked club!
The two-headed ogre completely misses you.
The deep elf pyromancer points at you and mumbles some strange words.
The bolt of fire hits you.
The deep elf pyromancer casts a spell at you.
The sticky flame hits you!
You are covered in liquid flames!
* * * LOW HITPOINT WARNING * * *
The two-headed ogre hits you but does no damage. x2
You take 22 damage, and have 9/71 hp.
MASSIVE DAMAGE!!
Unknown command.
You are covered in liquid flames!
* * * LOW HITPOINT WARNING * * *
The deep elf pyromancer gestures wildly while chanting.
The deep elf pyromancer blinks!
You take 5 damage, and have 4/71 hp.
Aiming: Paralyse
Press: ? - help, Shift-Dir - straight line, f - two-headed ogre, p - deep elf pyromancer
Aim: a two-headed ogre, wielding a +0 giant spiked club and a +1 vorpal dire flail (chance to affect: 28%)
The two-headed ogre suddenly stops moving!
The now-empty wand crumbles to dust.
You are covered in liquid flames!
You die...

##############
###......<.....###
.................#
.###.........###.#
.# ####...#### #.#
.## ##### ##e# ..#
#..# ..# #.@# ..##
##.O# ...# #.W.#
...# #...## #..#
#....# ..## #
##...# ..# ..#
#...# ..#


eO. #...# .## ### ..##..# You could see a two-headed ogre (paralysed), a deep
elf pyromancer and a shadow.

Vanquished Creatures
  A two-headed ogre (D:9)
  Pikel (D:6)
  An ugly thing (D:10)
  A cyclops (D:10)
  Maggie (D:9)
  Prince Ribbit (D:9)
  Sigmund (D:6)
  2 wyverns (D:10)
  2 steam dragons (D:7)
  Edmund (D:4)
  4 water moccasins
  3 black bears
  2 sky beasts
  5 orc warriors
  An ice beast (D:6)
  A necrophage (D:6)
  6 ogres
  3 centaurs
  A wolf (D:10)
  A lemure (D:6)
  2 kobold brigands (D:8)
  3 bullfrogs
  2 scorpions
  A water moccasin skeleton (D:5)
  Dowan (D:6)
  2 killer bees (D:10)
  7 wights
  5 electric eels (D:8)
  A howler monkey (D:9)
  4 centaur zombies
  2 bullfrog zombies
  A hound (D:4)
  A bullfrog skeleton (D:5)
  6 orc priests
  4 centaur skeletons
  A gnoll shaman (D:5)
  An iguana (D:7)
  A scorpion zombie (D:5)
  9 orc wizards
  A howler monkey zombie (D:9)
  5 adders
  7 gnolls
  A shadow imp (D:6)
  A white imp (D:6)
  An ufetubus (D:5)
  An adder skeleton (D:4)
  5 dart slugs
  42 orcs
  8 bats
  9 endoplasms
  5 giant cockroaches
  8 goblins
  3 hobgoblins (D:1)
  4 jackals
  6 quokkas
  8 ball pythons
  7 frilled lizards
  11 kobolds
  3 rats
229 creatures vanquished.

Vanquished Creatures (collateral kills)
  A troll (D:6)
1 creature vanquished.

Vanquished Creatures (others)
  An orc wizard (D:7)
  9 fungi
  47 plants
57 creatures vanquished.

Grand Total: 287 creatures vanquished

Notes
Turn   | Place    | Note
-------+----------+-------------------------------------------
     0 | D:1      | backslashecho the Gargoyle Berserker began the quest for
                  | the Orb.
     0 | D:1      | Reached XP level 1. HP: 14/14 MP: 1/1
   156 | D:1      | Reached XP level 2. HP: 5/19 MP: 2/2
   430 | D:1      | Reached skill level 3 in Axes
   625 | D:1      | Reached XP level 3. HP: 23/23 MP: 3/3
   841 | D:1      | Reached skill level 1 in Unarmed Combat
  1651 | D:2      | Reached ** piety under Trog
  2205 | D:2      | Reached XP level 4. HP: 25/29 MP: 4/4
  2738 | D:2      | Found a faded altar of an unknown god.
  3383 | D:3      | Reached XP level 5. HP: 24/33 MP: 5/5
  3387 | D:3      | Reached skill level 4 in Axes
  4067 | D:3      | Found a shadowy altar of Dithmenos.
  4615 | D:4      | Noticed an ogre
  4633 | D:4      | Killed an ogre
  4634 | D:4      | Reached XP level 6. HP: 16/39 MP: 6/6
  5018 | D:4      | Reached *** piety under Trog
  5291 | D:4      | Reached skill level 5 in Axes
  5598 | D:4      | Reached skill level 5 in Fighting
  5598 | D:4      | Reached XP level 7. HP: 31/44 MP: 7/7
  5843 | D:5      | Entered Level 5 of the Dungeon
  5937 | D:5      | Noticed Edmund
  5978 | D:4      | Killed Edmund
  6224 | D:5      | Reached skill level 6 in Axes
  6411 | D:5      | Reached skill level 5 in Armour
  6589 | D:5      | Reached XP level 8. HP: 46/51 MP: 8/8
  7393 | D:5      | Reached skill level 7 in Axes
  7766 | D:6      | Noticed Sigmund
  7925 | D:6      | Noticed Duvessa
  8137 | D:6      | Noticed Dowan
  8432 | D:6      | Killed Dowan
  8433 | D:6      | Reached XP level 9. HP: 56/56 MP: 9/9
  8564 | D:6      | Killed Sigmund
  8916 | D:7      | Reached skill level 8 in Axes
  9313 | D:7      | Reached **** piety under Trog
  9703 | D:6      | Noticed Pikel
  9717 | D:6      | Killed Pikel
  9718 | D:6      | Reached skill level 9 in Axes
 10097 | D:6      | Noticed a troll
 10103 | D:6      | Killed a troll
 10104 | D:6      | Reached XP level 10. HP: 64/64 MP: 10/10
 11296 | D:7      | Found a staircase to the Ecumenical Temple.
 12662 | D:8      | Reached skill level 10 in Axes
 12911 | D:8      | Found Jajuutau's Weapon Shop.
 13215 | D:9      | Noticed Prince Ribbit
 13221 | D:9      | Killed Prince Ribbit
 13324 | D:9      | Noticed Maggie
 13334 | D:9      | Killed Maggie
 13645 | D:9      | Reached skill level 1 in Throwing
 13739 | D:9      | Found Othradid's Antique Armour Shop.
 13740 | D:9      | Noticed a two-headed ogre
 13756 | D:9      | Killed a two-headed ogre
 14057 | D:10     | Entered Level 10 of the Dungeon
 14167 | D:10     | Reached XP level 11. HP: 67/71 MP: 11/11
 14361 | D:10     | Noticed a cyclops
 14376 | D:10     | Reached skill level 11 in Axes
 14390 | D:10     | Killed a cyclops
 14522 | D:10     | Noticed a purple ugly thing
 14549 | D:10     | Killed a purple ugly thing
 14620 | D:10     | Noticed a deep elf pyromancer
 14620 | D:10     | Noticed a two-headed ogre
 14637 | D:10     | HP: 2/71 [burnt (7)]
 14638 | D:10     | Incinerated by a deep elf pyromancer

Illustrated notes

Levels and vault maps discovered:
D:1:      sevenhm_arrival_forest_fort_small_3, layout_basic,
          minmay_misc_feat_chi, minmay_cupped
D:2:      layout_basic, dilly_ecumenical_altar_fadedgnrine
D:3:      layout_basic, mainiacjoe_overflow_alcove_1, kennysheep_donut
D:4:      layout_basic
D:5:      layout_basic, uniq_edmund
D:6:      layout_cave_pods, minmay_holes, minivault_4, minmay_fountain_box,
          uniq_duvessa, uniq_pikel, uniq_sigmund
D:7:      kennysheep_steamy, layout_loops_ring, minmay_temple_entry_junction
D:8:      layout_basic, serial_shops, kennysheep_mini, serial_bayou_lagoon_b
D:9:      layout_irregular_city, serial_shops, shop, uniq_prince_ribbit1,
          uniq_maggie
D:10:     layout_irregular_city, minmay_lair_entry_grove, minmay_pinched_square,
          uniq_snorg

Skill      XL: |  1  2  3  4  5  6  7  8  9 10 11 |
---------------+----------------------------------+-----
Axes           | 3 4 5 6 7 9 10 11 | 11.3
Unarmed Combat | 1 |  1.0
Armour         | 3 4 5 6 7 9 |  9.0
Fighting       | 4 5 6 8 9 |  9.0
Throwing       | 2 3 |  3.7
Dodging        | 2 |  2.7

Action                   |  1- 3 |  4- 6 |  7- 9 | 10-12 || total
-------------------------+-------+-------+-------+-------++-------
Melee: Hand axe          |   134 |   207 |   442 |   189 ||   972
       Punch             |       |       |     4 |     1 ||     5
       War axe           |       |       |       |   104 ||   104
Invok: Berserk           |       |     2 |     9 |     7 ||    18
       Trog's Hand       |       |       |     2 |     6 ||     8
       Brothers in Arms  |       |       |     1 |     1 ||     2
Evoke: Wand              |       |     4 |     5 |    11 ||    20
 Stab: Sleeping          |     2 |       |       |       ||     2
       Distracted        |       |       |     1 |       ||     1
Armor: Animal skin       |    47 |     2 |       |       ||    49
       Leather armour    |       |    16 |       |       ||    16
       Ring mail         |       |    43 |       |       ||    43
       Scale mail        |       |    48 |       |       ||    48
       Chain mail        |       |       |   224 |       ||   224
       Plate armour      |       |       |   127 |   269 ||   396
Dodge: Dodged            |    76 |   114 |   179 |   121 ||   490
